 Dungeon Crawl Stone Soup version 0.20.0-4-g10b340a (webtiles) character file.

55 Monsterracer the Caller (level 3, 0/19 HPs)
             Began as a Tengu Summoner on May 27, 2017.
             Slain by an orc
             ... wielding a +0 flail
              (6 damage)
             ... on level 2 of the Dungeon.
             The game lasted 00:04:57 (2187 turns).

Monsterracer the Caller (Tengu Summoner)            Turns: 2187, Time: 00:04:58

Health: 0/19       AC:  2    Str:  8    XL:     3   Next: 93%
Magic:  0/7        EV: 12    Int: 16    God:
Gold:   47         SH:  0    Dex: 14    Spells: 0/6 levels left

rFire    . . .     SeeInvis .   e - +3 short sword
rCold    + . .     Gourm    .   (no shield)
rNeg     . . .     Faith    .   a - +0 robe
rPois    .         Spirit   .   (helmet restricted)
rElec    .         Reflect  .   (no cloak)
rCorr    .         Harm     .   (no gloves)
MR       .....                  (boots unavailable)
Stlth    ++........             (no amulet)
Regen    0.1/turn               h - ring of protection from cold
MPRegen  0.1/turn               (no ring)

@: no status effects
A: beak, talons 3
a: no special abilities


You were on level 2 of the Dungeon.
You were not hungry.

You visited 1 branch of the dungeon, and saw 3 of its levels.

You collected 47 gold pieces.

Inventory:

Hand Weapons
 e - a +3 short sword (weapon)
Armour
 a - a +0 robe (worn)
 i - a +0 buckler
Jewellery
 h - a ring of protection from cold (left hand)
Scrolls
 d - 2 scrolls of remove curse {unknown}
 f - a scroll of fog {unknown}
 j - a scroll of enchant weapon {unknown}
Potions
 g - a potion of cancellation
 k - a potion of heal wounds
Books
 b - a book of Callings

   Spells                             Type                      Level
   a - Summon Small Mammal            Summoning                    1
   b - Call Imp                       Summoning                    2
   c - Call Canine Familiar           Summoning                    3
   d - Summon Guardian Golem          Hexes/Summoning              3
   e - Summon Lightning Spire         Summoning/Air                4
   f - Summon Ice Beast               Ice/Summoning                4
Comestibles
 c - a bread ration
 l - 2 chunks of flesh


   Skills:
 - Level 2.1 Dodging
 - Level 2.0 Stealth
 + Level 2.3 Spellcasting
 + Level 6.3 Summonings


You couldn't memorise any spells.
You knew the following spells:

 Your Spells              Type           Power        Failure   Level  Hunger
a - Summon Small Mammal   Summ           ###.         1%          1    #......
b - Call Imp              Summ           ###.....     2%          2    ###....
c - Call Canine Familiar  Summ           ###.....     4%          3    ###....


Dungeon Overview and Level Annotations

Branches:
Dungeon (3/15)

Altars:
Xom


Innate Abilities, Weirdness & Mutations

You have a beak for a mouth.
You have claws for feet.


Message History

The orc moves out of view.
The orc hits you with a flail.
You climb upwards.
Found 4 gold pieces.
There is a stone staircase leading down here.
Casting: Summon Small Mammal
Confirm with . or Enter, or press ? or * to list all spells.
A beastly little devil appears in a puff of flame.
Casting: Call Imp
Confirm with . or Enter, or press ? or * to list all spells.
A shadowy apparition takes form in the air.
The orc hits you with a flail!
* * * LOW HITPOINT WARNING * * *
Unknown command.
Your crimson imp hits the orc.
Your shadow imp closely misses the orc.
Your crimson imp blinks!
Casting: Call Imp
Confirm with . or Enter, or press ? or * to list all spells.
The orc hits you with a flail.
You die...

##.$.# ....# .. ... #...##.# #.#
#...#... #.# #...##.# #.#
..###.§..#.# #.# #.#..#..
#........#.###.# #.##.##.
##.5...5o...##.# #.##.#..
..........@.....####.##.... ..
..#........h.#....##.##.... ..
#........#.#####.>........[ ...
#........#.## #...........
#.#####...........####..†........
......#..........................
......##.......#.^^...#..........
......##.......#.^_^...(....###..
......##.........^^^........#####


You could see an orc, a friendly hound, a friendly crimson imp and a friendly
shadow imp.

Vanquished Creatures
  A dart slug (D:1)
  A leopard gecko (D:1)
  4 bats
  3 giant cockroaches (D:1)
  4 goblins
  8 hobgoblins
  A frilled lizard (D:1)
  6 kobolds
  4 rats
32 creatures vanquished.

Vanquished Creatures (collateral kills)
  An adder (D:2)
  A dart slug (D:1)
  A ball python (D:2)
  3 goblins
  2 hobgoblins (D:2)
  A frilled lizard (D:1)
  3 kobolds (D:1)
  3 rats (D:2)
15 creatures vanquished.

Grand Total: 47 creatures vanquished

Notes
Turn   | Place    | Note
-------+----------+-------------------------------------------
     0 | D:1      | Monsterracer the Tengu Summoner began the quest for the Orb.
     0 | D:1      | Reached XP level 1. HP: 10/10 MP: 4/4
   171 | D:1      | Reached skill level 5 in Summonings
   213 | D:1      | Reached XP level 2. HP: 14/15 MP: 4/6
   414 | D:1      | Learned a level 2 spell: Call Imp
   956 | D:1      | Reached XP level 3. HP: 19/19 MP: 0/7
  1117 | D:1      | Reached skill level 6 in Summonings
  1653 | D:2      | Found a shimmering altar of Xom.
  2154 | D:2      | You fall through a shaft!
  2159 | D:3      | Learned a level 3 spell: Call Canine Familiar
  2187 | D:2      | Slain by an orc

Skill      XL: |  1  2  3 |
---------------+----------+-----
Summonings     | 5 6 |  6.3
Dodging        | |  2.1
Stealth        | |  2.0
Spellcasting   | |  2.3

Action                   || total
-------------------------++-------
Melee: Short sword       ||    82
       Kick              ||    13
       Peck              ||     9
 Cast: Summon Small Mamm ||     9
       Call Imp          ||    18
       Call Canine Famil ||     1
  Use: Potion            ||     4
 Stab: Sleeping          ||     3
       Distracted        ||     1
  Eat: Chunk             ||     5
Armor: Robe              ||    22
Dodge: Dodged            ||    57
